 Dungeon Crawl Stone Soup version 0.30-a0-159-g068b764562 (webtiles) character file.

Game seed: 4034391307427677196

1542 ytrimaz the Changer (level 8, -1/57 HPs)
             Began as an Octopode Transmuter on Sept 27, 2022.
             Slain by a yak (11 damage)
             ... on level 6 of the Dungeon.
             The game lasted 00:09:01 (6660 turns).

ytrimaz the Changer (Octopode Transmuter)           Turns: 6660, Time: 00:09:02

Health: -1/57      AC:  8    Str: 13    XL:     8   Next: 87%
Magic:  21/25      EV: 10    Int: 22    God:
Gold:   295        SH:  0    Dex: 17    Spells: 8/18 levels left

rFire   x . .      SeeInvis .      - Unarmed
rCold   + + +      Faith    .    (shield currently unavailable)
rNeg    . . .      Spirit   .    (helmet currently unavailable)
rPois   +          Reflect  .    t - amulet of Satisfaction {Will+ Regen+ Str+4 Dex+5}
rElec   .          Harm     .    m - ring of the Suburbs {Wiz rC+ MP+9 Int+4}
rCorr   .          Rampage  .    (no ring)
Will    +....                    (no ring)
Stlth   +++.......               (no ring)
HPRegen 0.99/turn                (no ring)
MPRegen 0.19/turn                (no ring)
                                 (no ring)
                                 (no ring)

@: about to teleport, ice-form, wereblooded
A: freezing attack, boosted hp, almost no armour, amphibious, 8 rings, large,
(camouflage 1), (gelatinous body 1), (nimble swimmer 1), (tentacles)
a: End Transformation


You were on level 6 of the Dungeon.
You were a creature of crystalline ice.
You visited 1 branch of the dungeon, and saw 6 of its levels.
You also visited: Sewer.

You collected 295 gold pieces.


Innate Abilities, Weirdness & Mutations

You are a creature of crystalline ice.
You have a powerful freezing melee attack.
Your maximum health is increased.
Your armour is entirely melded.
You are incapable of wielding weapons or throwing items.
You cannot wear most types of armour.
You are amphibious.
You can wear up to eight rings at the same time.
((Your skin changes colour to match your surroundings (Stealth+).))
((Your rubbery body absorbs attacks. (AC +1, EV +1)))
((You are camouflaged when in or above water. (Stealth+)))
((You have tentacles for arms and can constrict up to eight enemies at once.))


   Skills:
 - Level 1.0 Fighting
 - Level 2.0 Dodging
 + Level 5.7 Stealth
 - Level 3.0 Unarmed Combat
 * Level 5.6 Spellcasting
 * Level 6.1 Transmutations
 - Level 4.0 Ice Magic
 - Level 4.0 Poison Magic


You had 8 spell levels left.
You knew the following spells:

 Your Spells              Type           Power      Damage    Failure   Level
a - Beastly Appendage     Tmut           66%        N/A       1%          1
b - Wereblood             Tmut           33%        N/A       1%          2
c - Spider Form           Tmut/Pois      28%        N/A       1%          3
d - Ice Form              Ice/Tmut       28%        N/A       4%          4

Your spell library contained the following spells:

 Spells                   Type           Power      Damage    Failure   Level
 Passwall                 Tmut/Erth      15%        N/A       1%          2
 Poisonous Vapours        Pois/Air       28%        N/A       2%          2
 Cigotuvi's Dreadful Rot  Necr/Pois/Air  24%        N/A       3%          2
 Sandblast                Erth           12%        2d6       4%          1
 Blink                    Tloc           12%        N/A       6%          2
 Stone Arrow              Conj/Erth      12%        3d7       12%         3
 Manifold Assault         Tloc           6%         N/A       34%         4
 Eringya's Noxious Bog    Tmut/Pois      14%        N/A       56%         6
 Summon Forest            Summ/Tloc      3%         N/A       69%         5
 Storm Form               Tmut/Air       9%         N/A       100%        7
 Summon Hydra             Summ           3%         N/A       100%        7

Inventory:

Missiles
 i - 4 curare-tipped darts
Jewellery
 b - a ring of flight
   (You found it on level 1 of the Dungeon)
 m - the ring of the Suburbs (left front paw) {Wiz rC+ MP+9 Int+4}
   (You acquired it on level 4 of the Dungeon)

   [ring of wizardry]

   It improves your spell success rate.
   Int:       It affects your intelligence (+4).
   rC:        It protects you from cold.
   MP:        It affects your magic capacity (+9).
 o - a ring of fire
   (You found it on level 4 of the Dungeon)
 t - the amulet of Satisfaction (around neck) {Will+ Regen+ Str+4 Dex+5}
   (You acquired it on level 4 of the Dungeon)

   [amulet of regeneration]

   Str:       It affects your strength (+4).
   Dex:       It affects your dexterity (+5).
   Regen:     It increases your rate of health regeneration.
   Will:      It increases your willpower.
Wands
 v - a wand of roots (8)
   (You found it on level 5 of the Dungeon)
Scrolls
 d - 2 scrolls of noise
 g - a scroll of immolation
 k - 4 scrolls of butterflies
 l - 2 scrolls of torment
 p - a scroll of acquirement
 w - a scroll of enchant armour
Potions
 a - a potion of heal wounds {unknown}
 c - a potion of berserk rage
 e - 4 potions of curing
 f - 2 potions of flight {unknown}
 h - a potion of lignification
 j - a potion of might {unknown}
 n - 2 potions of degeneration {unknown}
 q - a potion of invisibility {unknown}
 s - a potion of attraction {unknown}
 u - 2 potions of mutation {unknown}

Dungeon Overview and Level Annotations

Branches:
Dungeon (6/15) Zot: 26783   Sewer (visited)
 Temple: D:4-7

Altars:
Dithmenos
Nemelex Xobeh
Sif Muna
Wu Jian
Zin

Annotations:
D:5 3 runed translucent doors, capslocke's ghost, weakling DsDe

####### .......
....... .......
....... .......
.......#############
.......YYYY>...=....
.......####.########
####### #.# #.#
##.########
#..........
#..########
#........).
#####.#######.


You could see 3 yaks.


Message History

You miscast Ice Form.
You are very lightly contaminated with residual magic.
Nothing appears to happen. 😎 MP[-4]
You lost 4 mp, and now have 20/24 mp.
You miscast Ice Form.
Nothing appears to happen. 😎 MP[-4]
You lost 4 mp, and now have 16/24 mp.
Unknown command.
You turn into a creature of crystalline ice. 😎 HP[+9] MP[-4]
You now have 57 max hp (+9).
Your hp is fully restored (57).
You lost 4 mp, and now have 12/24 mp.
Unknown command. 😎 MP[+1]
You punch the ice beast! You hit the ice beast.
The ice beast hits you but does no damage.
You punch the ice beast! The ice beast closely misses you.
You hit the ice beast.
You kill the ice beast!
Unknown command. 😎 MP[+1] No target in view!
Unknown command.
Your magical contamination has completely faded away. 😎 MP[+1]
You hear the slow hiss of a very distant avalanche of sand.
Your transformation is almost over.
You warm up again.
Key pressed, stopping explore.
You hear the slow hiss of a very distant avalanche of sand.
Key pressed, stopping explore.
Okay, then. 😎 HP[-9] MP[+10]
You now have 48 max hp (-9).
Your mp is fully restored (25).
Found a stone staircase leading down.
There is a stone staircase leading down here.
There is a stone staircase leading down here. 2 yaks come into view.
The yak bellows!
You hear a bellow!
A yak comes into view.
The yak bellows!
Unknown command.
A yak comes into view.
The yak bellows!
You hear the slow hiss of a very distant avalanche of sand.
You turn into a creature of crystalline ice. 😎 HP[+9] MP[-4]
You now have 57 max hp (+9).
Your hp is fully restored (57).
You lost 4 mp, and now have 21/25 mp.
Casting: Ice Form (dangerous; 5% risk of failure)
Confirm with . or Enter, or press ? or * to list all spells.
Your blood is infused with primal strength. 😎 MP[-2]
You lost 2 mp, and now have 19/25 mp.
Unknown command.
Unknown command.
You hit the yak. You freeze the yak. The yak gores you. 😕 HP[-3]
You take 3 damage, and now have 54/57 hp. 😕 HP[+1]
You hit the yak. You freeze the yak. The yak gores you! 😕 HP[-11] MP[+1]
You take 11 damage, and now have 44/57 hp.
You hit the yak. You freeze the yak. The yak barely misses you. 😕 HP[+1]
You hit the yak but do no damage. The yak gores you!
You hit the yak. You freeze the yak. The yak gores you!
* * * LOW HITPOINT WARNING * * *
Unknown command. 😨 HP[-21]
You take 21 damage, and now have 24/57 hp.
MASSIVE DAMAGE!! (PAUSE)
You punch the yak! You freeze the yak.
You feel a bit better.
You kill the yak!
You howl as the wereblood boils in your veins!
Your Transmutations skill increases to level 6! 😨 HP[+4]
You regained 4 hp, and now have 28/57 hp.
Unknown command.
Unknown command.
You punch the yak! You freeze the yak. The yak gores you!
* * * LOW HITPOINT WARNING * * *
😨 HP[-12] MP[+1]
You take 12 damage, and now have 16/57 hp.
MASSIVE DAMAGE!! (PAUSE)
As you read the scroll of teleportation, it crumbles to dust.
You feel strangely unstable. The yak gores you!
* * * LOW HITPOINT WARNING * * *
😱 HP[-7]
You take 7 damage, and now have 9/57 hp.
Unknown command. 😱 HP[+1] Unknown command.
Unknown command.
The yak attacks as you move away! The yak gores you!
You die...

Skill      XL: |  1  2  3  4  5  6  7  8 |
---------------+-------------------------+-----
Poison Magic   | 1 3 4 |  4.0
Ice Magic      | 4 |  4.0
Stealth        | 1 2 4 5 |  5.7
Transmutations | 3 4 6 |  6.1
Spellcasting   | 3 4 5 |  5.6
Fighting       | |  1.0
Dodging        | |  2.0
Unarmed Combat | |  3.0

Action                   |  1- 3 |  4- 6 |  7- 9 || total
-------------------------+-------+-------+-------++-------
Melee: Unarmed           |    91 |   104 |   152 ||   347
       Constrict         |    22 |    13 |     2 ||    37
       Tentacles         |    19 |    13 |     2 ||    34
       Kick              |     1 |    14 |       ||    15
       Punch             |     1 |     1 |     2 ||     4
 Cast: Beastly Appendage |     2 |    10 |       ||    12
       Spider Form       |     1 |     4 |     1 ||     6
       Ice Form          |       |     1 |    21 ||    22
       Wereblood         |       |     1 |     1 ||     2
  Use: Potion            |     2 |       |       ||     2
       Scroll            |     6 |     6 |     3 ||    15
 Stab: Sleeping          |     8 |       |    11 ||    19
Armor: Skin              |    14 |    10 |    38 ||    62
Dodge: Dodged            |    51 |    79 |    65 ||   195

Levels and vault maps discovered:
D:1:      dpeg_arrival_water_temple_mockup, layout_loops_ring,
          chequers_ecumenical_altar_simple
D:2:      layout_loops_cross, uniq_sigmund
D:3:      layout_rooms
D:4:      layout_loops_ring
D:5:      layout_basic, zin_angel, kennysheep_mini_moat,
          nicolae_overflow_crystal_walls, mainiacjoe_overflow_cross_hatched,
          mainiacjoe_overflow_surrounded_room, gammafunk_ghost_split,
          gup_sewer_entry_pipe
D:6:      layout_basic, nicolae_ossuary_entry_monument

Notes
Turn   | Place    | Note
-------+----------+-------------------------------------------
     0 | D:1      | ytrimaz the Octopode Transmuter began the quest for the
                  | Orb.
     0 | D:1      | Reached XP level 1. HP: 13/13 MP: 3/3
     0 | D:1      | magus.rc [v1.9.6]
   108 | D:1      | Found a faded altar of an unknown god.
   194 | D:1      | Reached skill level 1 in Poison Magic
   194 | D:1      | HP: 2/13 [goblin/+0 dagger (2)]
   482 | D:1      | Reached XP level 2. HP: 18/18 MP: 5/5
   517 | D:1      | Reached skill level 2 in Poison Magic
   928 | D:1      | You pick up a book of Vapours and begin reading...
   928 | D:1      | You add the spells Poisonous Vapours and Cigotuvi's
                  | Dreadful Rot to your library.
  1090 | D:1      | Reached skill level 3 in Poison Magic
  1090 | D:1      | Reached XP level 3. HP: 18/23 MP: 6/6
  1128 | D:1      | Learned a level 2 spell: Wereblood
  1132 | D:1      | Learned a level 3 spell: Spider Form
  1651 | D:2      | HP: 1/23 [worm (11)]
  1653 | D:2      | Reached skill level 1 in Ice Magic
  2109 | D:2      | Noticed Sigmund
  2117 | D:2      | Killed Sigmund
  2118 | D:2      | Reached skill level 4 in Ice Magic
  2118 | D:2      | Reached skill level 4 in Poison Magic
  2118 | D:2      | Reached XP level 4. HP: 28/28 MP: 3/7
  2118 | D:2      | Reached XP level 5. HP: 33/33 MP: 3/8
  2625 | D:2      | Reached skill level 1 in Stealth
  2836 | D:3      | Reached XP level 6. HP: 22/38 MP: 9/9
  3769 | D:4      | Reached skill level 2 in Stealth
  3917 | D:4      | You pick up a book of Geomancy and begin reading...
  3917 | D:4      | You add the spells Sandblast, Passwall and Stone Arrow to
                  | your library.
  4199 | D:4      | Reached skill level 3 in Transmutations
  4340 | D:4      | Learned a level 4 spell: Ice Form
  4383 | D:4      | You add the spells Summon Forest, Eringya's Noxious Bog and
                  | Summon Hydra to your library.
  4474 | D:4      | Identified 3 scrolls of acquirement
  4474 | D:4      | Acquired the ring of the Suburbs {Wiz rC+ MP+9 Int+4}
  4733 | D:4      | Acquired the amulet of Satisfaction {Will+ Regen+ Str+4
                  | Dex+5}
  4779 | D:5      | Entered Level 5 of the Dungeon
  4779 | D:5      | Noticed a water moccasin
  4784 | D:5      | Killed a water moccasin
  4785 | D:5      | Reached skill level 3 in Spellcasting
  4785 | D:5      | Reached XP level 7. HP: 43/43 MP: 11/11
  4849 | D:5      | Found a shadowy altar of Dithmenos.
  4864 | D:5      | Reached skill level 3 in Stealth
  4896 | D:5      | Found a shimmering blue altar of Sif Muna.
  4914 | D:5      | Reached skill level 4 in Transmutations
  4949 | D:5      | Found a glowing drain.
  4961 | Sewer    | Entered a sewer
  5506 | Sewer    | Reached skill level 4 in Spellcasting
  5787 | Sewer    | Reached skill level 4 in Stealth
  5787 | Sewer    | Reached XP level 8. HP: 48/48 MP: 14/14
  5937 | D:5      | Reached skill level 5 in Transmutations
  6087 | D:5      | Reached skill level 5 in Stealth
  6087 | D:5      | Reached skill level 5 in Spellcasting
  6127 | D:5      | Found an ornate altar of the Wu Jian Council.
  6226 | D:5      | You add the spells Blink, Manifold Assault and Storm Form
                  | to your library.
  6238 | D:5      | Found a glowing silver altar of Zin.
  6239 | D:5      | Noticed an angel
  6274 | D:5      | Found a sparkling altar of Nemelex Xobeh.
  6310 | D:5      | Noticed capslocke's ghost (weakling DsDe)
  6310 | D:5      | Noticed a yak
  6318 | D:5      | Found a runed translucent gate.
  6318 | D:5      | Found a runed translucent gate.
  6318 | D:5      | Found a runed translucent gate.
  6643 | D:6      | Noticed a yak
  6643 | D:6      | Noticed a yak
  6643 | D:6      | Noticed a yak
  6644 | D:6      | Noticed a yak
  6656 | D:6      | Killed a yak
  6657 | D:6      | Reached skill level 6 in Transmutations
  6658 | D:6      | HP: 9/57 [yak (8)]
  6660 | D:6      | Slain by a yak

Vanquished Creatures
  Sigmund (D:2)
  A yak (D:6)
  A water moccasin (D:5)
  2 ice beasts
  2 black bears (D:5)
  3 kobold brigands (Sewer)
  2 scorpions
  2 hounds (D:5)
  2 orc priests
  2 iguanas
  2 orc wizards (D:5)
  A gnoll (D:1)
  6 adders
  2 river rats (Sewer)
  A white imp (D:5)
  5 worms
  4 dart slugs
  18 orcs
  12 endoplasms
  4 giant cockroaches
  10 goblins
  7 hobgoblins
  5 quokkas
  8 ball pythons
  5 bats
  6 frilled lizards
  11 kobolds
  10 rats
135 creatures vanquished.

Table legend:
 A = Non-vault XP
 B = Vault XP
 C = Vault XP percentage of total XP
 D = Non-vault monster count
 E = Vault monster count
 F = Vault count percentage of total count
                 A         B        C        D         E       F
            +---------+---------+-------+---------+---------+-------
      Total |    1567 |     637 |  28.9 |     100 |      35 |  25.9
            +---------+---------+-------+---------+---------+-------
        D:1 |      48 |       0 |   0.0 |      20 |       0 |   0.0
        D:2 |      40 |     223 |  84.8 |      21 |       1 |   4.5
        D:3 |      92 |       0 |   0.0 |      18 |       0 |   0.0
        D:4 |     142 |       0 |   0.0 |      13 |       0 |   0.0
        D:5 |     931 |      12 |   1.3 |      26 |       6 |  18.8
        D:6 |     314 |       0 |   0.0 |       2 |       0 |   0.0
      Sewer |       0 |     402 | 100.0 |       0 |      28 | 100.0
            +---------+---------+-------+---------+---------+-------

Illustrated notes

Table legend:
 A = Kills in this place as a percentage of kills in entire the game.
 B = Kills by you in this place as a percentage of kills by you in the entire game.
 C = Kills by friends in this place as a percentage of kills by friends in the entire game.
 D = Other kills in this place as a percentage of other kills in the entire game.
 E = Experience gained in this place as a percentage of experience gained in the entire game.
 F = Experience gained in this place divided by the number of levels of this place that you have seen.
                   A       B       C       D       E      F
               +-------+-------+-------+-------+-------+----------------------
         Total | 100.0 | 100.0 |   N/A |   N/A | 100.0 | 314.9
       Dungeon |  79.3 |  79.3 |   N/A |   N/A |  81.8 | 300.3
         Sewer |  20.7 |  20.7 |   N/A |   N/A |  18.2 | 402.0
               +-------+-------+-------+-------+-------+----------------------

Table legend: (Time is in decaauts)
 A = Elapsed time spent in this place.
 B = Non-inter-level travel time spent in this place.
 C = Inter-level travel time spent in this place.
 D = Time resting spent in this place.
 E = Time spent auto-exploring this place.
 F = Levels seen in this place.
 G = Mean time per level.
                   A        B        C        D        E       F      G
               +--------+--------+--------+--------+--------+-----+--------+
         Total |   6655 |   6488 |    167 |    637 |   4727 |   7 |  950.7 |
       Dungeon |   5747 |   5580 |    167 |    637 |   4078 |   6 |  957.8 |
         Sewer |    907 |    907 |      0 |      0 |    649 |   1 |  907.0 |
               +--------+--------+--------+--------+--------+-----+--------+

Top non-repeatable levels by time:
     D:2: 1506 daAuts
     D:1: 1271 daAuts
     D:4: 1022 daAuts
     D:3: 976 daAuts
   Sewer: 907 daAuts
     D:5: 755 daAuts
     D:6: 216 daAuts
